TOP OF THE 1ST |
Oceanside HS Pirates batting - Pitching for Oklahoma City HS Magicians : RHP Gary Wilder
|
Pitching: RHP Gary Wilder
|
|
Batting: RHB Pancho Rodríguez
|
0-0: Foul Ball, location: 2F 0-1: Ball 1-1: Called Strike 1-2: Ball 2-2: Foul Ball, location: 2F 2-2: Strikes out swinging
|
Batting: LHB Dylan Savill
|
0-0: Called Strike 0-1: Foul Ball, location: 2F 0-2: Fly out, F7 (Line Drive, 7S)
|
Batting: LHB Ron Young
|
0-0: Fly out, F7 (Flyball, 7D)
|
Top of the 1st over - 0 run(s), 0 hit(s), 0 error(s), 0 left on base; Oceanside HS 0 - Oklahoma City HS 0 |
BOTTOM OF THE 1ST |
Oklahoma City HS Magicians batting - Pitching for Oceanside HS Pirates : LHP Mark Townsley
|
Pitching: LHP Mark Townsley
|
|
Batting: RHB Billy Gray
|
0-0: Called Strike 0-1: Foul Ball, location: 2F 0-2: Strikes out swinging
|
Batting: RHB Jeffrey Ball
|
0-0: Ball 1-0: SINGLE (Line Drive, 8LS)
|
Batting: LHB Geoff May
|
0-0: Called Strike 0-1: Ball 1-1: Ball 2-1: Called Strike 2-2: Ball 3-2: Base on Balls Jeffrey Ball to second
|
Batting: RHB Darrell Krieger
|
0-0: Ball 1-0: SINGLE (Flyball, 89S) Jeffrey Ball to third Geoff May to second Runner from 3rd tries for Home, SAFE, no throw
|
Batting: LHB Marcus Hussey
|
0-0: Ball 1-0: Fielders Choice at 2nd, 5-4 (Groundball, 56) Geoff May to third
|
Batting: LHB Fletcher White
|
0-0: Called Strike 0-1: Ball Wild Pitch! Geoff May scores Marcus Hussey to second 1-1: Ball 2-1: Ball Error on foul ball, E2 3-2: Ground out 6-3 (Groundball, 6)
|
Bottom of the 1st over - 2 run(s), 2 hit(s), 1 error(s), 1 left on base; Oceanside HS 0 - Oklahoma City HS 2 |
TOP OF THE 2ND |
Oceanside HS Pirates batting - Pitching for Oklahoma City HS Magicians : RHP Gary Wilder
|
Batting: RHB Heath Jones
|
0-0: Foul Ball, location: 2F 0-1: Foul Ball, location: 2F 0-2: Strikes out swinging
|
Batting: RHB Luis Vińa
|
0-0: Ball 1-0: Called Strike 1-1: Foul Ball, location: 2F 1-2: Ground out 3-1 (Groundball, 34)
|
Batting: RHB Charles Collins
|
0-0: Ball 1-0: Ball 2-0: Ball 3-0: Called Strike 3-1: Foul Ball, location: 2F 3-2: SINGLE (Groundball, 5D)
|
Batting: RHB Ernest Payne
|
0-0: Ball 1-0: Called Strike 1-1: Swinging Strike 1-2: Strikes out swinging
|
Top of the 2nd over - 0 run(s), 1 hit(s), 0 error(s), 1 left on base; Oceanside HS 0 - Oklahoma City HS 2 |
BOTTOM OF THE 2ND |
Oklahoma City HS Magicians batting - Pitching for Oceanside HS Pirates : LHP Mark Townsley
|
Batting: SHB Royce Griffin
|
0-0: Called Strike 0-1: Ball 1-1: Hit by Pitch
|
Batting: SHB Ron Robinson
|
0-0: Called Strike 0-1: Ball 1-1: Foul Ball, location: 2F 1-2: Foul Ball, location: 2F 1-2: Ball 2-2: Foul Ball, location: 2F 2-2: SINGLE (Groundball, 4MD) Royce Griffin to second
|
Batting: LHB Jason Thomas
|
0-0: Called Strike 0-1: Ball 1-1: Ball 2-1: DOUBLE (Flyball, 7) Royce Griffin scores Ron Robinson to third
|
Batting: RHB Billy Gray
|
0-0: Foul Ball, location: 2F 0-1: Ball 1-1: Swinging Strike 1-2: Strikes out looking
|
Batting: RHB Jeffrey Ball
|
0-0: Reached on error, E9 (Flyball, 9S) Ron Robinson scores Jason Thomas to third
|
Batting: LHB Geoff May
|
0-0: Ball 1-0: Ball 2-0: Ground out 6-3 (Groundball, 6S) Jason Thomas scores Jeffrey Ball to second
|
Batting: RHB Darrell Krieger
|
0-0: Ball 1-0: Ball 2-0: Ball 3-0: Called Strike 3-1: Base on Balls
|
Batting: LHB Marcus Hussey
|
0-0: Ball 1-0: Foul Ball, location: 2F 1-1: Foul Ball, location: 2F 1-2: Ball 2-2: Fly out, F8 (Flyball, 8LS)
|
Bottom of the 2nd over - 3 run(s), 2 hit(s), 1 error(s), 2 left on base; Oceanside HS 0 - Oklahoma City HS 5 |
TOP OF THE 3RD |
Oceanside HS Pirates batting - Pitching for Oklahoma City HS Magicians : RHP Gary Wilder
|
Batting: RHB Howard Brown
|
0-0: Called Strike 0-1: Called Strike 0-2: Ball 1-2: Ball 2-2: Ball 3-2: Foul Ball, location: 2F 3-2: Foul Ball, location: 2F 3-2: Base on Balls
|
Batting: RHB John Evans
|
0-0: Called Strike 0-1: Swinging Strike 0-2: Strikes out swinging
|
Batting: RHB Pancho Rodríguez
|
0-0: Ball 1-0: Fly out, F4 (Popup, 4)
|
Batting: LHB Dylan Savill
|
0-0: Called Strike Howard Brown is caught stealing 2nd base
|
Top of the 3rd over - 0 run(s), 0 hit(s), 0 error(s), 0 left on base; Oceanside HS 0 - Oklahoma City HS 5 |
BOTTOM OF THE 3RD |
Oklahoma City HS Magicians batting - Pitching for Oceanside HS Pirates : LHP Mark Townsley
|
Batting: LHB Fletcher White
|
0-0: Ball 1-0: Ball 2-0: Ball 3-0: Called Strike 3-1: Base on Balls
|
Batting: SHB Royce Griffin
|
0-0: Ball Fletcher White steals 2nd base 1-0: Ball 2-0: Foul Ball, location: 2F 2-1: Ball 3-1: Ground out 4-3 (Groundball, 4) Fletcher White to third
|
Batting: SHB Ron Robinson
|
0-0: Ball 1-0: DOUBLE (Flyball, 89XD) Fletcher White scores
|
Batting: LHB Jason Thomas
|
0-0: Swinging Strike 0-1: Ball 1-1: Called Strike 1-2: Ball 2-2: Ball 3-2: Base on Balls
|
Batting: RHB Billy Gray
|
0-0: Ball 1-0: Swinging Strike 1-1: Foul Ball, location: 2F 1-2: Ball 2-2: Fly out, F7 (Flyball, 78S)
|
Batting: RHB Jeffrey Ball
|
0-0: Called Strike 0-1: Ball 1-1: Called Strike 1-2: SINGLE (Groundball, 6MD) Ron Robinson to third Jason Thomas to second Runner from 3rd tries for Home, SAFE, no throw
|
Pitching: RHP Júlio Vázquez
|
|
Batting: LHB Geoff May
|
0-0: Foul Ball, location: 2F 0-1: Foul Ball, location: 2F 0-2: Ball 1-2: Ball 2-2: Ground out U3 (Groundball, 3)
|
Bottom of the 3rd over - 2 run(s), 2 hit(s), 0 error(s), 2 left on base; Oceanside HS 0 - Oklahoma City HS 7 |
TOP OF THE 4TH |
Oceanside HS Pirates batting - Pitching for Oklahoma City HS Magicians : RHP Gary Wilder
|
Batting: LHB Dylan Savill
|
0-0: Called Strike 0-1: Ball 1-1: Called Strike 1-2: Ball 2-2: Ball 3-2: Strikes out looking
|
Batting: LHB Ron Young
|
0-0: Ball 1-0: DOUBLE (Flyball, 8RXD)
|
Batting: RHB Heath Jones
|
0-0: Foul Ball, location: 2F 0-1: Fly out, F9 (Flyball, 9)
|
Batting: RHB Luis Vińa
|
0-0: Foul Ball, location: 2F 0-1: Foul Ball, location: 2F 0-2: Strikes out swinging
|
Top of the 4th over - 0 run(s), 1 hit(s), 0 error(s), 1 left on base; Oceanside HS 0 - Oklahoma City HS 7 |
BOTTOM OF THE 4TH |
Oklahoma City HS Magicians batting - Pitching for Oceanside HS Pirates : RHP Júlio Vázquez
|
Batting: RHB Darrell Krieger
|
0-0: Called Strike 0-1: Swinging Strike 0-2: Ball 1-2: Ball 2-2: Foul Ball, location: 2F 2-2: Foul Ball, location: 2F 2-2: SINGLE (Groundball, 34D)
|
Batting: LHB Marcus Hussey
|
0-0: Called Strike 0-1: Foul Ball, location: 2F 0-2: Fly out, F4 (Popup, 4MD)
|
Batting: LHB Fletcher White
|
0-0: Swinging Strike 0-1: 2-RUN HOME RUN (Flyball, 9D), Distance : 407 ft
|
Batting: SHB Royce Griffin
|
0-0: Ball 1-0: Foul Ball, location: 2F 1-1: Foul Ball, location: 2F 1-2: Fly out, F8 (Line Drive, 89M)
|
Batting: SHB Ron Robinson
|
0-0: Ball 1-0: Foul Ball, location: 2F 1-1: Ball 2-1: Ball 3-1: Foul Ball, location: 2F 3-2: Base on Balls
|
Batting: LHB Jason Thomas
|
0-0: Called Strike 0-1: Ball 1-1: SINGLE (Line Drive, 4MD) Ron Robinson to second
|
Batting: RHB Billy Gray
|
0-0: Ground out 1-3 (Groundball, P)
|
Bottom of the 4th over - 2 run(s), 3 hit(s), 0 error(s), 2 left on base; Oceanside HS 0 - Oklahoma City HS 9 |
TOP OF THE 5TH |
Oceanside HS Pirates batting - Pitching for Oklahoma City HS Magicians : RHP Gary Wilder
|
Batting: RHB Charles Collins
|
0-0: SINGLE (Line Drive, 4MD)
|
Batting: RHB Ernest Payne
|
0-0: Called Strike 0-1: Ball 1-1: Foul Ball, location: 2F 1-2: Strikes out swinging
|
Batting: RHB Howard Brown
|
0-0: Swinging Strike 0-1: Ball 1-1: Foul Ball, location: 2F 1-2: Strikes out swinging
|
Batting: RHB John Evans
|
0-0: Ball Charles Collins is caught stealing 2nd base
|
Top of the 5th over - 0 run(s), 1 hit(s), 0 error(s), 0 left on base; Oceanside HS 0 - Oklahoma City HS 9 |
BOTTOM OF THE 5TH |
Oklahoma City HS Magicians batting - Pitching for Oceanside HS Pirates : RHP Júlio Vázquez
|
Batting: RHB Jeffrey Ball
|
0-0: Foul Ball, location: 2F 0-1: Foul Ball, location: 2F 0-2: Ball 1-2: Strikes out swinging
|
Batting: LHB Geoff May
|
0-0: Ground out 6-3 (Groundball, 6)
|
Batting: RHB Darrell Krieger
|
0-0: Foul Ball, location: 2F 0-1: Swinging Strike 0-2: Strikes out swinging
|
Bottom of the 5th over - 0 run(s), 0 hit(s), 0 error(s), 0 left on base; Oceanside HS 0 - Oklahoma City HS 9 |
TOP OF THE 6TH |
Oceanside HS Pirates batting - Pitching for Oklahoma City HS Magicians : RHP Gary Wilder
|
Batting: RHB John Evans
|
0-0: Called Strike 0-1: Ball 1-1: Foul Ball, location: 2F 1-2: Fly out, F8 (Flyball, 8RM)
|
Batting: RHB Pancho Rodríguez
|
0-0: Ball 1-0: Foul Ball, location: 2F 1-1: Ball 2-1: Foul Ball, location: 2F 2-2: Ball 3-2: Foul Ball, location: 2F 3-2: Foul Ball, location: 2F 3-2: Foul Ball, location: 2F 3-2: Foul Ball, location: 2F 3-2: Strikes out swinging
|
Batting: LHB Dylan Savill
|
0-0: Ball 1-0: Called Strike 1-1: Swinging Strike 1-2: Ball 2-2: Ball 3-2: Base on Balls
|
Pitching: RHP António Quintero
|
|
Batting: LHB Ron Young
|
0-0: Called Strike 0-1: Foul Ball, location: 2F 0-2: Ball Passed Ball! Dylan Savill to second 1-2: Ball 2-2: Foul Ball, location: 2F 2-2: 2-RUN HOME RUN (Line Drive, 8LXD), Distance : 454 ft
|
Batting: RHB Heath Jones
|
0-0: Ball 1-0: DOUBLE (Groundball, 3D)
|
Batting: RHB Luis Vińa
|
0-0: Ball 1-0: Ball 2-0: Ball 3-0: Called Strike 3-1: Ground out 6-3 (Groundball, 6)
|
Top of the 6th over - 2 run(s), 2 hit(s), 0 error(s), 1 left on base; Oceanside HS 2 - Oklahoma City HS 9 |
BOTTOM OF THE 6TH |
Oklahoma City HS Magicians batting - Pitching for Oceanside HS Pirates : RHP Júlio Vázquez
|
Batting: LHB Marcus Hussey
|
0-0: Ball 1-0: Swinging Strike 1-1: Foul Ball, location: 2F 1-2: Foul Ball, location: 2F 1-2: Ball 2-2: Ball 3-2: Ground out 4-3 (Groundball, 34)
|
Batting: LHB Fletcher White
|
0-0: Ball 1-0: Ball 2-0: Called Strike 2-1: Swinging Strike 2-2: Strikes out swinging
|
Batting: SHB Royce Griffin
|
0-0: DOUBLE (Line Drive, 89M)
|
Batting: SHB Ron Robinson
|
0-0: Ball 1-0: Foul Ball, location: 2F 1-1: Swinging Strike 1-2: Strikes out swinging
|
Bottom of the 6th over - 0 run(s), 1 hit(s), 0 error(s), 1 left on base; Oceanside HS 2 - Oklahoma City HS 9 |
TOP OF THE 7TH |
Oceanside HS Pirates batting - Pitching for Oklahoma City HS Magicians : RHP António Quintero
|
Batting: RHB Charles Collins
|
0-0: Ball 1-0: Foul Ball, location: 2F 1-1: Called Strike 1-2: Ball 2-2: Ball 3-2: Base on Balls
|
Batting: RHB Ernest Payne
|
0-0: Called Strike Charles Collins is caught stealing 2nd base 0-1: Ball 1-1: Called Strike 1-2: SINGLE (Groundball, 56D)
|
Batting: RHB Howard Brown
|
0-0: Foul Ball, location: 2F 0-1: Foul Ball, location: 2F 0-2: Ball 1-2: Strikes out swinging
|
Batting: RHB John Evans
|
0-0: Ball 1-0: Ball 2-0: Foul Ball, location: 2F 2-1: Foul Ball, location: 2F 2-2: Ball 3-2: Fly out, F9 (Flyball, 9S)
|
Top of the 7th over - 0 run(s), 1 hit(s), 0 error(s), 1 left on base; Oceanside HS 2 - Oklahoma City HS 9 |
BOTTOM OF THE 7TH |
Oklahoma City HS Magicians batting - Pitching for Oceanside HS Pirates : RHP Júlio Vázquez
|
Pitching: RHP Ron Williams
|
|
Batting: LHB Jason Thomas
|
0-0: Ball 1-0: SINGLE (Groundball, 6MS) (infield hit)
|
Batting: RHB Billy Gray
|
0-0: Foul Ball, location: 2F 0-1: Fly out, F7 (Flyball, 7S)
|
Batting: RHB Jeffrey Ball
|
0-0: Ball 1-0: Ball 2-0: Called Strike 2-1: Called Strike 2-2: Foul Ball, location: 2F 2-2: Foul Ball, location: 2F 2-2: SINGLE (Groundball, 6MD) Jason Thomas to second Throwing error, E8 Jason Thomas scores Jeffrey Ball to second
|
Batting: LHB Geoff May
|
0-0: Foul Ball, location: 2F 0-1: Ball 1-1: Foul Ball, location: 2F 1-2: Ball 2-2: Foul Ball, location: 2F 2-2: Foul Ball, location: 2F 2-2: Ball 3-2: Base on Balls
|
Batting: RHB Darrell Krieger
|
0-0: Foul Ball, location: 2F 0-1: Foul Ball, location: 2F 0-2: Ball 1-2: Ball 2-2: Fly out, F8 (Flyball, 8LS)
|
Batting: LHB Marcus Hussey
|
0-0: Ball 1-0: Ball 2-0: Fly out, F7 (Flyball, 7LD)
|
Bottom of the 7th over - 1 run(s), 2 hit(s), 1 error(s), 2 left on base; Oceanside HS 2 - Oklahoma City HS 10 |
TOP OF THE 8TH |
Oceanside HS Pirates batting - Pitching for Oklahoma City HS Magicians : RHP António Quintero
|
Batting: RHB Pancho Rodríguez
|
0-0: Ground out 6-3 (Groundball, 6)
|
Batting: LHB Dylan Savill
|
0-0: Called Strike 0-1: Called Strike 0-2: Ball 1-2: Foul Ball, location: 2F 1-2: Strikes out looking
|
Batting: LHB Ron Young
|
0-0: Called Strike 0-1: Called Strike 0-2: Foul Ball, location: 2F 0-2: Ground out 4-3 (Groundball, 4)
|
Top of the 8th over - 0 run(s), 0 hit(s), 0 error(s), 0 left on base; Oceanside HS 2 - Oklahoma City HS 10 |
BOTTOM OF THE 8TH |
Oklahoma City HS Magicians batting - Pitching for Oceanside HS Pirates : RHP Ron Williams
|
Batting: LHB Fletcher White
|
0-0: Swinging Strike 0-1: Foul Ball, location: 2F 0-2: Ball 1-2: Strikes out swinging
|
Batting: SHB Royce Griffin
|
0-0: Called Strike 0-1: Ball 1-1: SINGLE (Line Drive, 7LS)
|
Batting: SHB Ron Robinson
|
0-0: SINGLE (Groundball, 5D) Royce Griffin to second
|
Batting: LHB Jason Thomas
|
0-0: Ball 1-0: Called Strike 1-1: Called Strike 1-2: Foul Ball, location: 2F 1-2: Ball 2-2: Ball 3-2: Grounds into double play, 6-4-3 (Groundball, 6)
|
Bottom of the 8th over - 0 run(s), 2 hit(s), 0 error(s), 1 left on base; Oceanside HS 2 - Oklahoma City HS 10 |
TOP OF THE 9TH |
Oceanside HS Pirates batting - Pitching for Oklahoma City HS Magicians : RHP António Quintero
|
Batting: RHB Heath Jones
|
0-0: Ball 1-0: Foul Ball, location: 2F 1-1: Ball 2-1: Foul Ball, location: 2F 2-2: Strikes out swinging
|
Batting: RHB Luis Vińa
|
0-0: Ball 1-0: Called Strike 1-1: Swinging Strike 1-2: Ball 2-2: Ball 3-2: Strikes out looking
|
Batting: RHB Charles Collins
|
0-0: Ball 1-0: SINGLE (Line Drive, 9LS)
|
Batting: RHB Ernest Payne
|
0-0: SINGLE (Groundball, 4MD) Charles Collins to second Runner from 2nd tries for 3rd, SAFE, throw made to third
|
Batting: RHB Howard Brown
|
0-0: Ball 1-0: Swinging Strike 1-1: Foul Ball, location: 2F 1-2: Fly out, F8 (Flyball, 8RM)
|
Top of the 9th over - 0 run(s), 2 hit(s), 0 error(s), 2 left on base; Oceanside HS 2 - Oklahoma City HS 10 |
|